 Dungeon Crawl Stone Soup version 0.30-a0-354-g6b83867211 (webtiles) character file.

Game seed: 16739911972693080878

42 Maxmaps the Trooper (level 3, 0/39 HPs)
             Began as an Ogre Monk on Nov 8, 2022.
             Slain by a gnoll
             ... wielding a +0 spear
              (5 damage)
             ... on level 2 of the Dungeon.
             The game lasted 00:01:09 (1092 turns).

Maxmaps the Trooper (Ogre Monk)                     Turns: 1092, Time: 00:01:09

Health: 0/39       AC:  3    Str: 15    XL:     3   Next: 56%
Magic:  3/3        EV: 10    Int: 13    God:
Gold:   153        SH:  0    Dex: 11    Spells: 2/2 levels left

rFire   . . .      SeeInvis .    f - +1 hand axe (flame)
rCold   . . .      Faith    .    (no shield)
rNeg    . . .      Spirit   .    b - +0 robe
rPois   .          Reflect  .    (helmet restricted)
rElec   .          Harm     .    (no cloak)
rCorr   .          Rampage  .    (gloves unavailable)
Will    .....                    (boots unavailable)
Stlth   ++........               (no amulet)
HPRegen 0.26/turn                (no ring)
MPRegen 0.08/turn                (no ring)

@: no status effects
A: large, unfitting armour, tough skin 1
a: no special abilities


You were on level 2 of the Dungeon.
You visited 1 branch of the dungeon, and saw 2 of its levels.

You collected 153 gold pieces.

Inventory:

Hand Weapons
 a - a +0 mace
 f - a +1 hand axe of flaming (weapon)
Armour
 b - a +0 robe (worn)
Jewellery
 h - a ring of wizardry
Wands
 i - a wand of paralysis (6)
Scrolls
 d - 4 scrolls of blinking {unknown}
 j - a scroll of identify {unknown}
 m - a scroll of fear {unknown}
 n - a scroll of magic mapping {unknown}
Potions
 c - a potion of ambrosia
 e - a potion of haste {unknown}
 g - a potion of curing {unknown}
 k - a potion of berserk rage {unknown}
 l - a potion of lignification {unknown}


   Skills:
 - Level 4.0 Fighting
 + Level 1.3(2.9) Axes
 - Level 3.7(3.9) Maces & Flails
 - Level 2.6 Dodging
 - Level 1.4 Stealth


You had 2 spell levels left.
You didn't know any spells.
Your spell library was empty.

Dungeon Overview and Level Annotations

Branches:
Dungeon (2/15)

Altars:


Innate Abilities, Weirdness & Mutations

You are too large for most types of armour.
You have tough skin. (AC +1)


Message History

The gnoll hits you with a +0 spear. The gnoll hits you with a +0 spear!
You are too injured to fight recklessly!
You are too injured to fight recklessly!
You are too injured to fight recklessly!
You are too injured to fight recklessly!
You are too injured to fight recklessly!
You are too injured to fight recklessly!
You are too injured to fight recklessly!
You are too injured to fight recklessly!
You are too injured to fight recklessly!
You are too injured to fight recklessly!
You are too injured to fight recklessly!
You are too injured to fight recklessly!
You are too injured to fight recklessly!
You are too injured to fight recklessly!
You are too injured to fight recklessly!
You are too injured to fight recklessly!
You are too injured to fight recklessly!
Unknown command.
You closely miss the gnoll.
The gnoll is lightly wounded.
The gnoll barely misses you.
You closely miss the gnoll.
The gnoll is lightly wounded.
You barely miss the gnoll.
The gnoll is lightly wounded.
You hit the gnoll but do no damage. The gnoll closely misses you.
The gnoll hits you with a +0 whip!
Unknown command.
You slash the gnoll! You burn the gnoll.
The gnoll is almost dead.
You hit the gnoll but do no damage. The gnoll barely misses you.
The gnoll hits you with a +0 spear.
* * * LOW HITPOINT WARNING * * *
The gnoll attacks as you move away! The gnoll barely misses you.
The gnoll hits you with a +0 spear!
* * * LOW HITPOINT WARNING * * *
You see here a +0 club.
The gnoll hits you from afar with a +0 spear.
You die...

#.. #.# #.##### #####
####.##.. . ....#
#.....#.# ... ###.#
#.....#g##..# #.#
#.....)ggS..# #.#
#....@####.## #.#
#.....# ###.####
###.### .......# #.#
.#####.# #.## .# #.#
###..## .#
#.#####.....#### .#
#..............+
.#####.#.........####


You could see 3 gnolls and a ball python.

Vanquished Creatures
  A gnoll (D:2)
  2 dart slugs (D:1)
  2 bats (D:1)
  4 endoplasms (D:1)
  3 hobgoblins (D:1)
  3 quokkas
  4 ball pythons
  3 goblins
  2 kobolds (D:1)
  4 rats
28 creatures vanquished.

Notes
Turn   | Place    | Note
-------+----------+-------------------------------------------
     0 | D:1      | Maxmaps the Ogre Monk began the quest for the Orb.
     0 | D:1      | Reached XP level 1. HP: 24/24 MP: 1/1
    67 | D:1      | Found a faded altar of an unknown god.
    81 | D:1      | Reached XP level 2. HP: 32/32 MP: 2/2
   332 | D:1      | Reached XP level 3. HP: 32/39 MP: 3/3
  1084 | D:2      | Reached skill level 1 in Axes
  1092 | D:2      | Slain by a gnoll

Illustrated notes

Levels and vault maps discovered:
D:1:      minmay_arrival_doors, layout_basic,
          shapermc_ecumenical_altar_starsandcircs, dreamdust_wishing_well,
          minmay_misc_feat_columns
D:2:      layout_loops_corners, grunt_ministairs_15

Skill      XL: |  1  2  3 |
---------------+----------+-----
Maces & Flails | 3 |  3.7
Axes           | 1 |  1.3
Fighting       | |  4.0
Dodging        | |  2.6
Stealth        | |  1.4

Action                   || total
-------------------------++-------
Melee: Mace              ||    52
       Punch             ||     1
       Hand axe          ||    28
 Stab: Sleeping          ||     1
Armor: Robe              ||    30
Dodge: Dodged            ||    51

Table legend: (Time is in decaauts)
 A = Elapsed time spent in this place.
 B = Non-inter-level travel time spent in this place.
 C = Inter-level travel time spent in this place.
 D = Time resting spent in this place.
 E = Time spent auto-exploring this place.
 F = Levels seen in this place.
 G = Mean time per level.
                   A        B        C        D        E       F      G
               +--------+--------+--------+--------+--------+-----+--------+
         Total |   1113 |   1101 |     12 |      0 |    879 |   2 |  556.5 |
       Dungeon |   1113 |   1101 |     12 |      0 |    879 |   2 |  556.5 |
               +--------+--------+--------+--------+--------+-----+--------+

Top non-repeatable levels by time:
     D:1: 681 daAuts
     D:2: 431 daAuts
